 Dungeon Crawl Stone Soup version 0.18-a0-775-g4d9e04e (webtiles) character file.

157 4thArraOfDagon the Bolt Thrower (level 4, 0/35 HPs)
             Began as a Demigod Arcane Marksman on Dec 13, 2015.
             Slain by a phantom (4 damage)
             ... on level 7 of the Dungeon.
             The game lasted 00:04:12 (920 turns).

4thArraOfDagon the Bolt Thrower (DgAM)               Turns: 920, Time: 00:04:13

Health: 0/35       AC:  6    Str: 16    XL:     4   Next: 93%
Magic:  8/8        EV: 10    Int: 17    God:
Gold:   100        SH:  0    Dex: 15    Spells: 1 memorised, 4 levels left

rFire  . . .     SeeInvis .     a - +0 hand crossbow
rCold  . . .     Clarity  .     r - +0 scale mail
rNeg   . . .     SustAt   +     (no shield)
rPois  .         Gourm    .     (no helmet)
rElec  .         Spirit   .     (no cloak)
rCorr  .         Dismiss  .     (no gloves)
rMut   .         Stasis   .     (no boots)
MR     .....                    (no amulet)
Stlth  ..........               (no ring)
                                i - ring of flight

@: not resistant to hostile enchantments, extremely unstealthy
A: high mp 1, sustain attributes
a: Evoke Flight


You were on level 7 of the Dungeon.
You were not hungry.

You visited 1 branch of the dungeon, and saw 7 of its levels.

You collected 100 gold pieces.

Inventory:

Hand Weapons
 a - a +0 hand crossbow (weapon)
Missiles
 d - 42 bolts (quivered)
 g - 11 poisoned needles
 m - 7 bolts of frost
Armour
 r - a +0 scale mail (worn)
Jewellery
 i - a ring of flight (left hand)
Wands
 b - a wand of fireball (8)
Scrolls
 e - a scroll of enchant weapon {unknown}
 k - 3 scrolls of magic mapping {unknown}
 n - a scroll of noise {unknown}
 o - a scroll of fear {unknown}
 p - a scroll of blinking {unknown}
Potions
 j - a potion of curing {unknown}
Books
 c - a book of Debilitation

   Spells                             Type                      Level
   a - Corona                         Hexes                        1
   b - Slow                           Hexes                        2
   c - Gell's Gravitas                Hexes/Translocation          3
   d - Inner Flame                    Hexes/Fire                   3
   e - Cause Fear                     Hexes                        4
   f - Leda's Liquefaction            Hexes/Earth                  4
Comestibles
 f - 3 bread rations
 l - a meat ration
 q - a chunk of flesh


   Skills:
 + Level 1.4 Fighting
 * Level 4.6 Crossbows
 + Level 0.6 Armour
 - Level 1.7 Dodging
 - Level 1.0 Spellcasting
 - Level 2.6 Hexes


You had 4 spell levels left.
You knew the following spells:

 Your Spells              Type           Power        Failure   Level  Hunger
a - Corona                Hex            #......      34%         1    ##.....


Dungeon Overview and Level Annotations

Branches:
Dungeon (7/15)             Temple (0/1) D:6


Innate Abilities, Weirdness & Mutations

You have an increased reservoir of magic (+10% MP).
Your attributes are resistant to harm.


Message History

Firing (i - inventory. (,) - cycle):
d - 45 bolts (quivered)
Press: ? - help, Shift-Dir - straight line, f/p - phantom
Aim: a phantom (almost destroyed)
You shoot a bolt. The bolt barely misses the phantom.
The phantom closely misses you.
Unknown command.
Unknown command.
Firing (i - inventory. (,) - cycle):
d - 44 bolts (quivered)
Press: ? - help, Shift-Dir - straight line, f/p - phantom
Aim: a phantom (almost destroyed)
You shoot a bolt. The bolt closely misses the phantom.
The phantom closely misses you.
Unknown command.
Firing (i - inventory. (,) - cycle):
d - 43 bolts (quivered)
Press: ? - help, Shift-Dir - straight line, f/p - phantom
Aim: a phantom (almost destroyed)
You shoot a bolt. The bolt hits the phantom.
The phantom is almost destroyed.
The phantom hits you.
You die...

..($### #.>.(. ... #...# ..
###(.(# #.# #...(## .. #.##.#
##### #.## #.##.####
#...########## #..#
#.......###...#......(.#######.##
####............@W....((.........
#...#.####...#(####(#.#######.##
#.#.#.# #####.(.(..#.# #..#
.....#.# ######.#.# ##.# .#.###.#
#.#.# .. .#. ... #######.#.# #. .
#S# #<......#.. . ## #..
########### .


You could see a phantom.

Vanquished Creatures
  A giant frog (D:6)
  A crimson imp (D:7)
  An iguana (D:7)
  An adder (D:2)
  A shadow imp (D:7)
  A giant gecko (D:5)
  A giant cockroach (D:2)
  4 jackals
  A quokka (D:2)
  A ball python (D:3)
  3 bats
  A giant newt (D:2)
  2 goblins
  2 rats
21 creatures vanquished.

Notes
Turn   | Place    | Note
--------------------------------------------------------------
     0 | D:1      | 4thArraOfDagon the Demigod Arcane Marksman began the quest for the Orb.
     0 | D:1      | Reached XP level 1. HP: 15/15 MP: 4/4
   279 | D:2      | Reached XP level 2. HP: 19/22 MP: 5/5
   314 | D:2      | Reached skill level 3 in Crossbows
   475 | D:5      | Entered Level 5 of the Dungeon
   603 | D:7      | Noticed a sky beast
   641 | D:6      | Found a staircase to the Ecumenical Temple.
   665 | D:6      | Noticed a giant frog
   669 | D:6      | Killed a giant frog
   669 | D:6      | Reached skill level 4 in Crossbows
   669 | D:6      | Reached XP level 3. HP: 27/27 MP: 6/6
   669 | D:6      | Reached XP level 4. HP: 34/34 MP: 8/8
   758 | D:7      | ROTFL
   776 | D:7      | Reached skill level 1 in Fighting
   834 | D:7      | Noticed a phantom
   898 | D:7      | HP: 1/35 [phantom (8)]
   920 | D:7      | Slain by a phantom

Vault maps used:
D:1:      dpeg_arrival_tiny_f
D:2:      nicolae_overflow_crystal_walls, first_bread, bloody_trog
D:3:      uniq_jessica
D:4:      old_forge, lemuel_crystal_altar, uniq_natasha
D:5:      uniq_prince_ribbit1, uniq_grinder
D:7:      grunt_livestock

Action                   |  1- 3 |  4- 6 || total
-------------------------+-------+-------++-------
 Fire: Hand crossbow     |    44 |    41 ||    85
  Use: Potion            |       |     1 ||     1
